 Dungeon Crawl Stone Soup version 0.17-a0-1769-g54adf96 (webtiles) character file.

37 TruthSerum the Chucker (level 3, -3/37 HPs)
             Began as an Ogre Hunter on Sept 7, 2015.
             Slain by a kobold
             ... wielding a +0 club
              (5 damage)
             ... on level 1 of the Dungeon.
             The game lasted 00:05:06 (1275 turns).

TruthSerum the Chucker (Ogre Hunter)                Turns: 1275, Time: 00:05:06

Health: -3/37      AC:  3    Str: 18    XL:     3   Next: 39%
Magic:  3/3        EV: 10    Int: 10    God:
Gold:   106        SH:  0    Dex: 10    Spells: 0 memorised, 2 levels left

rFire  . . .     SeeInvis .     n - +0 mace
rCold  . . .     Clarity  .     d - +0 robe
rNeg   . . .     SustAt   .     (no shield)
rPois  .         Gourm    .     (helmet restricted)
rElec  .         Spirit   .     (no cloak)
rCorr  .         Warding  .     (gloves unavailable)
rMut   .         Stasis   .     (boots unavailable)
MR     .....                    (no amulet)
Stlth  +.........               (no ring)
                                (no ring)

@: not resistant to hostile enchantments, very unstealthy
A: unfitting armour, tough skin 1
a: no special abilities


You were on level 1 of the Dungeon.
You were not hungry.

You visited 1 branch of the dungeon, and saw 2 of its levels.

You collected 106 gold pieces.

Inventory:

Hand weapons
 n - a +0 mace (weapon)
Missiles
 b - a throwing net (quivered)
Armour
 d - a +0 robe (worn)
Jewellery
 k - an uncursed amulet of rage {unknown}
Scrolls
 l - 3 scrolls of enchant weapon {unknown}
 m - 2 scrolls of identify {unknown}
Potions
 h - 2 potions of lignification {unknown}
 i - a potion of heal wounds {unknown}
 j - a potion of curing {unknown}
Comestibles
 c - a meat ration
 e - a bread ration
 f - 5 chunks of flesh


   Skills:
 + Level 3.2 Fighting
 * Level 1.3 Maces & Flails
 + Level 4.8 Throwing
 + Level 2.3 Dodging
 - Level 0.7 Stealth


You had 2 spell levels left.
You didn't know any spells.

Dungeon Overview and Level Annotations

Branches:
Dungeon (2/15)

Altars:


Innate Abilities, Weirdness & Mutations

You are too large for most types of armour.
You have tough skin (AC +1).


Message History

You kill the hobgoblin!
The kobold hits you with a club.
* * * LOW HITPOINT WARNING * * *
The kobold misses you.
Throwing (i - inventory. (,) - cycle):
a - a large rock (quivered)
Press: ? - help, Shift-Dir - straight line, f - kobold
Aim: a kobold You throw a large rock.
The large rock barely misses the kobold.
The kobold hits you but does no damage.
Throwing (i - inventory):
b - 2 throwing nets (quivered)
Press: ? - help, Shift-Dir - straight line, f/p - kobold
Aim: a kobold You throw a throwing net.
The throwing net barely misses the kobold.
The kobold hits you but does no damage.
You barely miss the kobold. The kobold hits you but does no damage.
The kobold closely misses you. The kobold barely misses you.
The kobold hits you with a club.
You die...

#............##.(.......#......
#............##.....##.##......
#.......#######.....##..#......
####.............................
...###################....##.....
....#.......# ##### #....##.....
....#.......####(.(###...........
....#..#'#.###..(>...#.......#...
....#..#.#..##(.@K..(#...........
....####.#####..#K#..#.....#.....
....####.########.#####'#........
..........................#####..
...#######.###########.##........
...# ###'### #....#.##.#####).
...# ##.....## #.8..#.##..# #..
...# #.......# #.<..).###.####..
...# #..###..# #.8..### #.......


You could see 2 kobolds.

Vanquished Creatures
  2 oozes (D:1)
  2 giant geckos (D:1)
  2 giant cockroaches (D:1)
  3 goblins (D:1)
  8 hobgoblins (D:1)
  2 kobolds (D:1)
  2 giant newts (D:1)
  4 rats (D:1)
25 creatures vanquished.

Notes
Turn   | Place    | Note
--------------------------------------------------------------
     0 | D:1      | TruthSerum the Ogre Hunter began the quest for the Orb.
     0 | D:1      | Reached XP level 1. HP: 22/22 MP: 1/1
    52 | D:1      | Reached XP level 2. HP: 18/29 MP: 2/2
   520 | D:1      | Reached skill level 1 in Maces & Flails
   785 | D:1      | Reached XP level 3. HP: 33/37 MP: 3/3
  1272 | D:1      | HP: 1/37 [kobold/club (2)]
  1275 | D:1      | Slain by a kobold

Vault maps used:
D:1:      dpeg_arrival_renting
D:2:      nicolae_overflow_crystal_walls, makhleb_heckhound_becter, st_stairs_9,
          uniq_jessica, uniq_sigmund, uniq_robin, uniq_crazy_yiuf_cottage

Action                   || total
-------------------------++-------
Melee: Short sword       ||    13
       Club              ||    79
       Mace              ||     7
Throw: Large rock        ||     5
       Throwing net      ||     1
  Use: Scroll            ||     1
 Stab: Sleeping          ||     1
  Eat: Chunk             ||     1
